Description

Updating PiG LingBane with Gold Stream info.

Build Order

Get SALT Encoding   

  13  0:15  Overlord  
  14  0:18  Drone  Send to scout, return to main minerals.
  17  0:50  Hatchery  
  18  1:10  Extractor  
  17  1:17  Spawning Pool  
  19  1:55  Overlord  
  20  2:10  Queen x2  one at each base
  24  2:12  Zergling x2  4lings
  32  2:50  Hatchery  
  31  3:02  Queen  @natural
  49  4:05  Baneling Nest  @natural saturation
  48  4:07  Extractor  @natural saturation
  47  4:12  Zergling x6  Round of lings
  59  5:14  Lair  
  58  5:15  Evolution Chamber x2  @100 start 1/1 and bane speed
  56  5:20  Hatchery x2  in main, in main
  59  5:30  Zergling x10  max ling bane, attack @100 1/1 and banespeed
  70  5:35  Hatchery  Double expand
  70  5:37  Hatchery  Benchmark: 54 Drones, 7 Hatcheries, 5 Bases
Spawning Tool Build Advisor. Get it on Overwolf

Go to:

Details

  • Created by: Ataxia
  • Published on: Mar 08, 2023
  • Modified on: Mar 09, 2023
  • Patch: 5.0.11
  • Difficulty: Medium
Show
View Real Time Build Order
Export as new Build Order

Comments (0)

There are no comments. Be the first!

Create an account to comment!